AoeStats
← dohteM

Arabia

508797523Analyzed
2v2 RM · 8d ago on Sep 24, 2026· 66m 48s· 4 players
Game mode
Random Map
Map size
Medium (4 player)
Population
200
Speed
Normal
Resources
Standard
Victory
Conquest
Starting age
Dark Age
Ending age
Imperial Age
RankedLock teamsTeams togetherTeam positionsShared explorationLock speedFull tech treeHidden civsTurbo modeCheats
Victory
Defeat
🇺🇸 Cumans · United States
1052
+43
🇺🇸 Ethiopians · United States
1000
+55
🇺🇸 Mongols · United States
1103
-19
🇺🇸 Goths · United States
1000
-45
CrawDad
5:32 Loom
10:06 Feudal Age
12:25 Double-Bit Axe
18:21 Wheelbarrow
22:18 Castle Age
22:24 Bloodlines
22:23 Scale Barding Armor
24:25 Forging
24:39 Chain Barding Armor
27:37 Iron Casting
31:47 Fletching
33:54 Steppe Husbandry
35:59 Hand Cart
38:11 Horse Collar
38:43 Bow Saw
40:57 Town Watch
45:12 Imperial Age
45:27 Heavy Plow
45:55 Light Cavalry
47:25 Elite Steppe Lancer
49:41 Conscription
48:44 Hussar
51:43 Fervor
52:48 Elite Kipchak
56:14 Bodkin Arrow
56:55 Plate Barding Armor
57:21 Blast Furnace
56:21 Padded Archer Armor
62:49 Leather Archer Armor
SilverSocks
7:02 Loom
9:51 Feudal Age
12:27 Double-Bit Axe
17:01 Fletching
17:52 Horse Collar
18:26 Padded Archer Armor
21:37 Castle Age
21:46 Crossbowman
22:28 Bodkin Arrow
24:09 Scale Mail Armor
26:04 Chain Mail Armor
26:38 Wheelbarrow
28:15 Forging
28:10 Gold Mining
37:17 Hand Cart
43:08 Imperial Age
42:20 Royal Heirs
43:50 Ballistics
44:39 Bow Saw
47:30 Heavy Camel Rider
48:36 Heavy Plow
51:17 Gold Shaft Mining
52:40 Two-Man Saw
51:52 Town Watch
52:57 Husbandry
53:42 Caravan
55:05 Town Patrol
55:15 Squires
55:04 Arson
56:13 Conscription
56:41 Elite Shotel Warrior
58:45 Bracer
59:24 Iron Casting
58:54 Scale Barding Armor
59:21 Plate Mail Armor
Sculpted Plectrum
5:41 Loom
6:13 Loom
8:50 Feudal Age
9:33 Double-Bit Axe
10:07 Horse Collar
20:37 Castle Age
19:19 Gold Mining
19:50 Bloodlines
19:49 Scale Barding Armor
19:54 Forging
21:55 Chain Barding Armor
34:38 Iron Casting
35:59 Husbandry
38:43 Fletching
44:03 Bodkin Arrow
44:09 Padded Archer Armor
47:27 Town Watch
48:18 Wheelbarrow
48:25 Leather Archer Armor
48:51 Bow Saw
49:20 Stone Mining
50:13 Gold Shaft Mining
50:35 Masonry
50:09 Light Cavalry
51:37 Ballistics
53:41 Hand Cart
56:11 Imperial Age
55:44 Thumb Ring
55:59 Hand Cart
57:01 Bracer
56:34 Capped Ram
59:01 Elite Mangudai
61:35 Siege Ram
62:39 Drill
62:48 Conscription
64:14 Hussar
dohteM
1:55 Loom
2:32 Loom
14:39 Feudal Age
14:45 Feudal Age
15:35 Double-Bit Axe
16:10 Stone Mining
16:39 Town Watch
17:42 Horse Collar
24:37 Castle Age
24:18 Wheelbarrow
23:28 Man-at-Arms
25:09 Gold Mining
25:10 Long Swordsman
26:14 Forging
27:24 Squires
27:41 Fletching
33:12 Scale Mail Armor
35:01 Padded Archer Armor
38:59 Hand Cart
39:30 Bodkin Arrow
42:26 Iron Casting
41:25 Pikeman
44:32 Heavy Plow
44:45 Bow Saw
47:44 Elite Skirmisher
52:23 Imperial Age
52:26 Halberdier
54:11 Chain Mail Armor
55:55 Conscription
58:24 Blast Furnace
Connection lost

Rejoining the realm…

Still unreachable

The connection could not be restored.

Session expired

The server has moved on; the page needs a fresh start.